Map: Kairos Junction LE

Players

LiquidMaNa (MaNa)

  • Race: Protoss Protoss
  • League: Grandmaster
  • Spawn Location: 5:00

Special - Winner!

  • Race: Terran Terran
  • League: Master
  • Spawn Location: 11:00

Event: IEM Season 13 - Katowice Server Qualifiers Europe

VOD

Have the link to the VOD?

Description

Time

  • Played on: Jan. 8, 2019, 9:12 a.m.
  • Length: 11:12

All games in this series

Show
View Real Time Build Order
Export as new Build Order

LiquidMaNa Protoss 

Build Orders: 1 Gate Expand 

Get SALT Encoding   

  12  0:00  Probe  
  13  0:12  Probe  
  14  0:17  Pylon  
  14  0:23  Probe  
  15  0:31  Probe  
  16  0:39  Probe  
  16  0:40  Gateway  
  16  0:48  Assimilator  
  17  0:51  Probe  
  18  1:03  Probe  
  19  1:15  Probe  
  20  1:24  Nexus  
  20  1:34  Cybernetics Core  
  20  1:37  Probe  
  21  1:44  Assimilator  
  21  1:49  Probe  
  21  1:52  Pylon  
  22  2:00  Stalker  
  22  2:01  Probe  
  23  2:13  Probe, Warp Gate  
  26  2:24  Adept  
  26  2:25  Probe  
  28  2:37  Probe  
  28  2:38  Robotics Facility  
  28  2:41  Probe  
  30  2:47  Stalker  
  30  2:49  Probe  
  31  2:54  Probe  
  34  3:03  Probe  
  35  3:07  Probe  
  36  3:15  Probe  
  37  3:22  Gateway  
  37  3:23  Warp Prism, Gateway  
  35  3:31  Probe  
  38  3:38  Probe  
  39  3:43  Probe  
  39  3:46  Pylon  
  40  3:50  Probe  
  42  3:55  Probe  
  42  4:01  Forge, Twilight Council  
  42  4:02  Probe  
  43  4:06  Observer  
  43  4:07  Probe  
  45  4:14  Probe  
  46  4:17  Stalker x2  
  46  4:19  Resonating Glaives, Stalker  
  46  4:22  Protoss Ground Weapons Level 1  
  46  4:23  Pylon  
  52  4:24  Probe  
  52  4:28  Observer  
  54  4:31  Pylon  
  54  4:49  Probe  
  54  4:50  Probe  
  54  4:52  Adept x3  
  60  4:57  Probe  
  60  4:58  Probe  
  60  5:04  Pylon  
  60  5:05  Probe  
  60  5:06  Probe  
  62  5:08  Assimilator  
  62  5:13  Immortal  
  68  5:15  Probe  
  68  5:18  Probe  
  70  5:23  Sentry  
  70  5:27  Probe, Pylon  
  73  5:34  Adept  
  73  5:35  Adept  
  77  5:47  Gateway  
  77  5:48  Gateway  
  77  5:50  Gateway  
  77  5:52  Immortal  
  80  6:01  Adept x3  
  86  6:13  Pylon  
  86  6:15  Pylon  
  86  6:17  Pylon  
  86  6:24  Stalker  
  81  6:36  Adept x2  
  71  6:43  Adept x2  
  71  6:50  Adept x2  
  71  7:05  Stalker x3  
  63  7:09  Adept  
  57  7:17  Adept x2  
  57  7:18  Observer, Probe x2  
  57  7:21  Charge, Nexus  
  61  7:28  Adept x3  
  61  7:29  Adept  
  69  7:31  Probe x2  
  71  7:43  Probe  
  72  7:49  Adept x2  
  72  7:50  Adept  
  77  7:55  Adept  
  74  7:59  Probe x2  
  72  8:11  Probe  
  73  8:18  Zealot x4  
  73  8:19  Zealot x2  
  77  8:20  Probe  
  74  8:36  Immortal  
  74  8:39  Stalker x2  
  82  8:51  Zealot x4  
  90  9:00  Zealot x2  
  94  9:07  Zealot x3  
  99  9:20  Stalker  
  99  9:21  Stalker  
  99  9:23  Probe x3  
  106  9:24  Sentry  
  106  9:26  Sentry  
  106  9:31  Warp Prism  
  110  9:37  Probe x2  
  104  9:44  Sentry  
  106  9:46  Zealot x2  
  106  9:48  Probe  
  106  9:49  Probe  
  111  9:58  Zealot x3  
  117  10:01  Robotics Bay  
  117  10:11  Zealot x3, Pylon  
  123  10:17  Pylon  
  123  10:26  Pylon  
  125  10:28  Immortal, Pylon  
  121  10:38  Adept x4  
  121  10:45  Probe x2  
  121  10:47  Zealot  
  116  10:53  Probe  
  110  10:57  Probe x2  
Show
View Real Time Build Order
Export as new Build Order

Special Terran - Winner!

Build Orders: Reaper Expand 

Get SALT Encoding   

  12  0:01  SCV  
  13  0:13  SCV  
  14  0:17  Supply Depot  
  14  0:25  SCV  
  15  0:39  SCV  
  15  0:41  Barracks  
  16  0:45  Refinery  
  16  0:51  SCV  
  17  1:03  SCV  
  18  1:15  SCV  
  19  1:28  Reaper  
  19  1:29  Orbital Command  
  20  1:41  Command Center  
  20  1:50  Supply Depot  
  20  1:56  SCV  
  20  2:00  Marine  
  22  2:06  Factory  
  22  2:09  SCV  
  22  2:13  Refinery  
  23  2:21  SCV  
  24  2:23  Barracks Reactor  
  24  2:33  SCV  
  25  2:45  SCV  
  26  2:51  Factory Tech Lab  
  26  2:55  Orbital Command  
  26  2:56  Barracks  
  26  2:57  SCV  
  27  3:00  Marine x2  
  29  3:09  SCV  
  29  3:10  Cyclone  
  33  3:17  Marine  
  33  3:18  Marine  
  35  3:21  SCV  
  35  3:25  SCV  
  37  3:33  SCV  
  38  3:34  Starport  
  38  3:35  Marine x2  
  38  3:40  SCV  
  39  3:45  SCV  
  40  3:48  Barracks Tech Lab  
  40  3:50  Siege Tank  
  40  3:53  Marine, SCV  
  45  3:57  SCV  
  45  3:59  Supply Depot  
  46  4:09  Combat Shield  
  46  4:15  Supply Depot  
  46  4:21  Marine x3, SCV x2  
  51  4:24  Siege Tank  
  51  4:26  Refinery  
  54  4:32  Supply Depot  
  54  4:34  Bunker  
  54  4:38  Marine x2, Viking  
  55  4:40  Marine  
  55  4:41  SCV  
  59  4:49  SCV  
  59  4:53  SCV  
  59  4:56  Marine x2  
  59  4:58  Siege Tank  
  65  5:01  SCV  
  65  5:05  SCV  
  67  5:08  Barracks  
  67  5:11  Medivac  
  67  5:13  SCV  
  70  5:21  Supply Depot  
  70  5:24  Marine x3, SCV  
  70  5:25  SCV  
  75  5:29  Liberator  
  75  5:35  Siege Tank  
  77  5:36  SCV  
  78  5:45  Marine  
  78  5:46  Marine x2  
  78  5:47  SCV, Supply Depot x2  
  84  5:54  Marine  
  85  6:00  Stimpack  
  85  6:01  SCV  
  86  6:05  Supply Depot  
  86  6:08  Marine x3  
  86  6:09  SCV  
  90  6:12  Marine  
  90  6:13  SCV, Siege Tank  
  95  6:23  SCV  
  94  6:26  Marine, SCV  
  94  6:28  Marine x2  
  94  6:30  Marine  
  93  6:36  SCV  
  93  6:39  SCV  
  79  6:44  Marine  
  79  6:45  Marine  
  79  6:46  Siege Tank  
  81  6:48  SCV  
  81  6:49  Marine x2  
  81  6:53  SCV  
  81  7:00  Liberator, SCV  
  82  7:02  Marine  
  82  7:03  Marine  
  82  7:05  SCV  
  82  7:07  Marine x2  
  77  7:12  SCV  
  72  7:17  SCV  
  72  7:20  Marine  
  72  7:21  Marine  
  75  7:24  SCV  
  75  7:25  Marine x2  
  75  7:29  Engineering Bay  
  79  7:33  Siege Tank  
  81  7:37  Marine  
  81  7:39  Marine, Refinery  
  81  7:42  Marine  
  81  7:43  Marine  
  85  7:55  Marine  
  85  7:57  Marine  
  85  7:58  Supply Depot  
  85  7:59  Terran Infantry Weapons Level 1  
  85  8:00  Marine x2  
  85  8:05  Starport Reactor  
  74  8:13  Marine  
  74  8:15  Marine  
  74  8:18  Marine x2, SCV x2  
  71  8:31  Marine  
  71  8:32  Marine  
  71  8:36  Marine x2  
  76  8:41  Siege Tank  
  76  8:47  Medivac x2  
  80  8:49  Marine  
  80  8:50  Marine  
  80  8:54  Marine x2  
  80  8:55  SCV x2  
  86  8:59  Supply Depot  
  86  9:06  Marine, Barracks  
  86  9:08  Marine  
  86  9:09  Barracks  
  88  9:12  Marine x2  
  88  9:15  Siege Tank  
  92  9:24  Marine  
  92  9:26  Marine  
  92  9:27  Supply Depot  
  92  9:29  Marine x2  
  89  9:42  Marine  
  89  9:44  Marine  
  89  9:45  Medivac x2  
  93  9:47  Marine x2  
  93  9:51  Supply Depot  
  93  9:52  Marine  
  96  9:59  Marine  
  97  10:00  Marine  
  97  10:01  Marine  
  97  10:05  Marine x2  
  101  10:10  Marine  
  102  10:15  Medivac x2  
  102  10:17  Marine, Siege Tank  
  102  10:18  Marine  
  102  10:19  Marine  
  112  10:23  Marine x2  
  112  10:28  Marine  
  115  10:34  Marine  
  115  10:36  Marine  
  115  10:37  Marine  
  115  10:41  Marine x2  
  119  10:45  Marine  
  119  10:52  Marine  
  119  10:53  Marine  

Tags
 
Add a new tag
Caveats
  • Supply blocks, unpowered buildings, or Contaminate may cause inaccurate times.
  • Supply counts are checked every 10 seconds.